Map: Ever Dream LE

Players

NinjaKWick - Winner!

  • Race: Terran Terran
  • League: Master
  • Spawn Location: 7:00

A.I. 2 (Elite)

  • Race: Terran Terran
  • Spawn Location: 1:00

VOD

Have the link to the VOD?

Description

Time

  • Played on: Aug. 17, 2020, 9:20 p.m.
  • Length: 15:01
Show
View Real Time Build Order
Export as new Build Order

NinjaKWick Terran - Winner!

Build Orders:  

Get SALT Encoding   

  12  0:01  SCV  
  13  0:13  SCV  
  14  0:17  Supply Depot  
  14  0:25  SCV  
  15  0:31  Refinery  
  15  0:38  SCV  
  16  0:45  Barracks  
  16  0:50  SCV  
  17  1:02  SCV  
  18  1:12  Refinery  
  18  1:15  SCV  
  19  1:33  Orbital Command, Factory  
  19  1:44  Reaper  
  20  1:48  Supply Depot  
  20  1:59  SCV  
  21  2:11  SCV  
  22  2:16  Reaper  
  22  2:17  Hellion  
  25  2:23  SCV  
  25  2:29  Command Center  
  26  2:35  SCV  
  27  2:39  Hellion  
  29  2:46  Supply Depot  
  29  2:48  SCV, Reaper  
  31  2:56  Starport  
  31  3:02  Factory Tech Lab  
  31  3:08  SCV  
  32  3:13  Refinery  
  32  3:20  SCV  
  32  3:21  Cyclone, Barracks Tech Lab  
  36  3:35  SCV  
  37  3:43  Orbital Command  
  37  3:46  Barracks Reactor  
  37  3:47  SCV  
  36  3:58  Raven  
  36  4:00  SCV  
  39  4:09  SCV  
  40  4:12  SCV  
  41  4:20  Siege Tank  
  41  4:21  SCV  
  41  4:24  SCV  
  46  4:25  Marine  
  46  4:26  Command Center  
  47  4:33  SCV  
  47  4:34  Marine  
  47  4:36  SCV  
  47  4:37  Supply Depot  
  46  4:38  Supply Depot  
  46  4:43  Marine  
  46  4:44  Raven  
  48  4:52  SCV  
  49  4:53  SCV  
  50  5:00  Supply Depot  
  50  5:01  Marine  
  50  5:02  Engineering Bay, Marine  
  50  5:03  Engineering Bay  
  50  5:04  SCV  
  50  5:05  Siege Tank  
  50  5:06  SCV  
  57  5:17  SCV  
  57  5:18  SCV  
  59  5:22  Supply Depot  
  59  5:29  SCV  
  59  5:35  SCV, Terran Infantry Weapons Level 1, Terran Infantry Armor Level 1  
  61  5:36  Barracks x2  
  61  5:37  Stimpack  
  61  5:41  Orbital Command  
  61  5:46  SCV  
  61  5:49  Starport Reactor, Marine  
  63  5:50  Refinery  
  63  5:58  Orbital Command  
  63  6:03  Siege Tank  
  66  6:06  Marine  
  66  6:08  SCV  
  66  6:10  SCV  
  69  6:11  Barracks  
  69  6:12  Supply Depot  
  69  6:15  Barracks  
  69  6:20  SCV  
  69  6:22  SCV  
  69  6:24  Marine  
  72  6:31  SCV  
  73  6:33  SCV, Marine  
  73  6:35  SCV  
  73  6:38  Marine  
  73  6:39  Starport Reactor  
  77  6:40  Marine x2  
  77  6:42  Siege Tank  
  77  6:43  SCV  
  77  6:45  SCV  
  85  6:47  SCV  
  85  6:49  Sensor Tower  
  85  6:52  Marine x2  
  87  6:55  SCV  
  87  6:56  Armory  
  87  6:57  Marine  
  87  6:58  SCV, Supply Depot  
  87  7:00  SCV  
  91  7:03  Marine x2, Barracks Tech Lab x2  
  93  7:09  SCV  
  93  7:10  Marauder  
  93  7:12  SCV, Supply Depot  
  93  7:13  SCV  
  93  7:15  Marine  
  99  7:16  Siege Tank  
  99  7:17  Marine  
  99  7:21  Medivac  
  99  7:22  Medivac  
  107  7:23  SCV  
  107  7:24  Marine  
  107  7:26  Marine  
  107  7:27  Marauder  
  107  7:28  Marauder  
  107  7:29  SCV  
  115  7:30  SCV  
  115  7:34  Marauder, Marine  
  115  7:35  Supply Depot  
  119  7:38  Supply Depot  
  119  7:39  Marine  
  119  7:41  SCV  
  121  7:44  Combat Shield  
  121  7:51  SCV  
  122  7:52  Marauder, Marine  
  122  7:57  Marauder  
  122  7:58  Supply Depot  
  127  8:01  Marine  
  127  8:02  Marauder, Command Center, Marine  
  127  8:04  SCV x2, Supply Depot  
  133  8:05  Supply Depot  
  133  8:09  Medivac x2  
  133  8:10  Siege Tank  
  133  8:11  SCV  
  140  8:23  Marauder, Marine  
  140  8:26  SCV x2  
  145  8:30  Terran Infantry Weapons Level 2  
  145  8:31  SCV  
  146  8:35  Refinery  
  146  8:47  SCV  
  146  8:48  SCV  
  148  8:53  SCV  
  148  8:54  Marine x2  
  148  8:55  Marauder x2, Terran Infantry Armor Level 2, Refinery, Marine  
  156  9:02  SCV  
  157  9:03  Medivac, Marine x2  
  161  9:12  Marine, Barracks  
  161  9:13  Marine, Barracks  
  161  9:15  SCV x2  
  161  9:16  Factory  
  165  9:18  SCV, Barracks  
  165  9:20  Command Center  
  166  9:24  Marine x2  
  166  9:25  Marauder x2  
  166  9:26  Refinery  
  166  9:29  Planetary Fortress  
  166  9:30  SCV  
  173  9:32  Marauder, Marine  
  173  9:33  SCV x2  
  173  9:34  Refinery  
  173  9:36  Marine  
  179  9:42  SCV, Supply Depot  
  179  9:44  Supply Depot  
  180  9:47  Supply Depot  
  180  9:50  Supply Depot  
  180  9:51  Command Center  
  180  10:04  SCV x3, Marauder, Marine x2, Barracks Tech Lab x3  
  180  10:05  Barracks Tech Lab  
  180  10:06  Siege Tank  
  190  10:14  Marine x2  
  190  10:15  Marauder  
  190  10:17  Medivac, Siege Tank  
  190  10:18  SCV  
  200  10:23  Supply Depot  
  200  10:24  Supply Depot x2  
  200  10:33  Barracks  
  200  10:37  Refinery  
  200  10:39  Refinery  
  200  10:50  Barracks  
  200  10:51  Barracks  
  200  11:17  Planetary Fortress  
  200  11:21  Barracks  
  200  11:22  Marine, Barracks  
  200  11:23  Marauder  
  200  11:25  Barracks, Barracks Tech Lab  
  181  11:33  Marine  
  181  11:34  Marauder  
  184  11:54  Terran Infantry Weapons Level 3, Marine, Terran Infantry Armor Level 3  
  184  11:55  Marine x2, Barracks Tech Lab  
  184  11:56  Marine x3, Barracks Tech Lab  
  184  11:57  Marauder x5  
  200  12:01  Planetary Fortress  
  200  12:03  Supply Depot  
  200  12:08  Supply Depot  
  200  12:11  Barracks Tech Lab x2  
  200  12:13  Command Center, Barracks Tech Lab  
  197  12:31  Marine x2  
  198  12:39  Marine  
  198  12:40  Command Center, Barracks  
  199  12:44  Barracks  
  199  12:48  Barracks  
  199  12:50  Marine x2  
  200  12:51  Marauder  
  199  13:05  Marine x2  
  200  13:32  Orbital Command  
  200  13:33  Marine  
  200  13:34  Marine  
  196  13:50  Command Center x2  
  196  13:53  Command Center  
  196  13:55  Marine x2  
  198  13:56  Marauder  
  198  13:57  Command Center x2  
  198  13:59  Command Center  
  198  14:00  Command Center  
  198  14:01  Command Center  
  198  14:02  Command Center, Marine x2  
  192  14:31  Marine x2  
  192  14:32  Marauder, Marine x2  
Show
View Real Time Build Order
Export as new Build Order

A.I. 2 (Elite) Terran 

Build Orders:  

Get SALT Encoding   

  12  0:00  SCV  
  13  0:13  SCV  
  14  0:18  Supply Depot  
  14  0:25  SCV  
  15  0:39  SCV  
  16  0:52  SCV  
  16  0:55  Refinery  
  16  0:57  Barracks  
  17  1:04  SCV  
  18  1:16  SCV  
  19  1:26  Command Center  
  19  1:37  Supply Depot  
  19  1:39  SCV  
  20  1:45  Marine  
  21  1:58  Factory  
  21  2:11  SCV, Barracks  
  21  2:15  Marine  
  23  2:23  SCV  
  23  2:29  Supply Depot  
  24  2:34  Marine  
  24  2:35  SCV  
  26  2:41  SCV  
  26  2:42  Factory Tech Lab  
  27  2:51  SCV  
  28  2:52  Marine  
  29  3:00  Orbital Command  
  29  3:04  Refinery  
  29  3:12  Orbital Command  
  29  3:14  Marine  
  29  3:17  Marine  
  31  3:25  SCV  
  32  3:31  Marine  
  33  3:35  Marine  
  33  3:37  SCV x2  
  36  3:44  Barracks  
  32  3:49  SCV, Marine  
  32  3:52  Starport  
  32  3:53  Marine  
  33  4:07  Marine  
  29  4:10  Marine  
  28  4:19  Hellion  
  27  4:24  SCV  
  27  4:25  Marine  
  27  4:28  SCV  
  27  4:29  Starport Tech Lab  
  25  4:36  SCV  
  23  4:40  SCV  
  23  4:41  Marine  
  25  4:47  Marine  
  25  4:50  Raven  
  28  4:54  Marine  
  28  4:59  Marine  
  30  5:04  SCV  
  31  5:09  SCV  
  32  5:16  SCV  
  32  5:21  SCV  
  34  5:27  Barracks Tech Lab  
  31  5:36  SCV  
  31  5:39  SCV  
  31  5:42  Marine  
  32  5:44  Marine  
  32  5:45  Marauder  
  32  5:48  SCV  
  36  5:51  SCV  
  34  6:00  SCV, Stimpack  
  34  6:01  Marine  
  34  6:03  SCV  
  35  6:05  Marine  
  35  6:07  Marauder  
  38  6:12  SCV  
  38  6:15  SCV  
  40  6:24  SCV, Engineering Bay  
  41  6:28  SCV, Marauder  
  44  6:37  SCV  
  45  6:40  SCV  
  45  6:45  Supply Depot  
  46  6:49  SCV, Marauder  
  46  6:51  Terran Infantry Weapons Level 1  
  46  6:53  SCV  
  50  7:01  SCV  
  51  7:05  SCV  
  52  7:11  Marauder  
  52  7:13  SCV  
  55  7:16  Supply Depot  
  55  7:17  SCV  
  56  7:25  SCV  
  56  7:29  SCV  
  58  7:32  Marauder  
  60  7:37  SCV, Refinery  
  60  7:39  Supply Depot, Combat Shield  
  60  7:41  SCV  
  62  7:49  SCV  
  63  7:51  Marine  
  63  7:52  Medivac  
  63  7:53  SCV, Engineering Bay, Marine  
  63  7:54  Marauder  
  70  8:01  SCV  
  70  8:05  Command Center  
  71  8:12  Barracks Tech Lab  
  71  8:15  Barracks Reactor, Marauder  
  71  8:19  Terran Infantry Armor Level 1  
  58  8:22  SCV  
  48  8:28  SCV  
  48  8:30  Marine  
  48  8:34  SCV  
  50  8:36  Marauder  
  50  8:40  SCV  
  53  8:46  SCV  
  53  8:48  Marine  
  55  8:51  Marine x2  
  55  8:52  SCV  
  58  8:57  Marine  
  58  8:58  SCV  
  60  9:04  SCV  
  60  9:05  Marine  
  60  9:08  Marine  
  60  9:09  Marine  
  64  9:10  SCV  
  64  9:15  Marine  
  64  9:17  SCV  
  67  9:20  Supply Depot  
  67  9:22  SCV  
  67  9:24  Marauder  
  70  9:26  Marine  
  70  9:29  SCV  
  70  9:30  Marine  
  75  9:31  Siege Tank  
  75  9:33  Marauder  
  75  9:34  SCV  
  78  9:41  Command Center  
  78  9:44  Marine  
  78  9:45  Marine  
  80  9:48  Marine  
  80  9:49  Supply Depot  
  81  9:55  Marauder  
  83  10:03  Marauder  
  85  10:10  Siege Tank  
  85  10:12  Supply Depot  
  88  10:14  Command Center  
  88  10:16  Marauder  
  90  10:33  Viking  
  91  10:37  Supply Depot  
  91  10:40  Command Center  
  94  10:42  Siege Tank  
  94  11:03  Viking  
  94  11:04  Supply Depot  
  96  11:12  Concussive Shells  
  96  11:15  Siege Tank  
  98  11:18  Refinery  
  98  11:22  Marine x4  
  58  11:33  Viking  
  58  11:39  Marine  
  60  11:40  Marauder, Marine x2  
  60  11:47  Siege Tank  
  66  11:54  Command Center  
  64  11:57  Marine  
  64  11:58  Marauder, Marine  
  68  12:01  Marauder  
  68  12:03  Liberator  
  73  12:13  Factory  
  73  12:15  Marine  
  73  12:19  Marauder, Siege Tank  
  73  12:22  Marine x2  
  58  12:33  Marine  
  56  12:40  Marine x3  
  54  12:46  Viking  
  54  12:47  SCV  
  54  12:49  SCV  
  54  12:51  Hellion, Marine  
  58  12:58  Marauder, Marine x2  
  45  13:09  Marine  
  44  13:15  Marine  
  44  13:16  Marine  
  43  13:20  Marauder  
  43  13:27  Marine  
  41  13:34  Marauder  
  41  13:36  Marine  
  38  13:41  Marauder  
  38  13:44  Marine  
  37  13:49  SCV  
  37  13:53  Marine  
  38  13:58  Marine  
  38  14:01  SCV  
  38  14:02  Marine  
  43  14:03  Marauder  
  27  14:19  Marine  
  20  14:29  SCV  
  18  14:41  SCV  
Tags
 
League
Master
Matchup
TvT
Race
Terran
Spawn Locations
Cross Positions
Add a new tag
Caveats
  • Supply blocks, unpowered buildings, or Contaminate may cause inaccurate times.
  • Supply counts are checked every 10 seconds.